 Dungeon Crawl Stone Soup version 0.31-a0-889-g1a8549509d (webtiles) character file.

Game seed: 7720356079113196162

123 gelatine the Ruffian (level 4, -5/42 HPs)
             Began as a Troll Gladiator on Oct 17, 2023.
             Slain by a gnoll
             ... wielding a +0 flail
             ... led by a gnoll bouda
              (7 damage)
             ... on level 3 of the Dungeon.
             The game lasted 00:07:32 (1704 turns).

gelatine the Ruffian (Troll Gladiator)              Turns: 1704, Time: 00:07:32

Health: -5/42      AC:  5    Str: 24    XL:     4   Next: 79%
Magic:  3/3        EV: 10    Int:  4    God:
Gold:   108        SH:  0    Dex: 11    Spells: 4/4 levels left

rFire   . .          .
                       - Unarmed
rCold   . . .        (no shield)
rNeg    . . .        a - +0 robe
rPois   .            b - +0 hat
rElec   .            m - +0 cloak
rCorr   .            (gloves unavailable)
SInv    .            (boots unavailable)
Will    .....        k - amulet of magic regeneration
Stlth   +            (no ring)
HPRegen 1.07/turn    (no ring)
MPRegen 0.48/turn

%: no passive effects
@: weakened
A: large, unfitting armour, claws 3, regeneration 1, shaggy fur 1, tough skin 1
a: no special abilities


You were on level 3 of the Dungeon.
You visited 1 branch of the dungeon, and saw 3 of its levels.

You collected 108 gold pieces.

Inventory:

Hand Weapons
 e - a +2 flail of protection
 n - a +3 quarterstaff of chaos
Missiles
 c - 3 throwing nets
 d - a large rock
Armour
 a - a +0 robe (worn)
 b - a +0 hat (worn)
 m - a +0 cloak (worn)
Magical Staves
 g - a staff of death
Jewellery
 k - an amulet of magic regeneration (around neck)
Talismans
 f - a maw talisman
Wands
 o - a wand of iceblast (12)
 q - a wand of paralysis (7)
Scrolls
 h - a scroll of noise {unknown}
 i - 2 scrolls of amnesia {unknown}
 l - 2 scrolls of identify {unknown}
 r - a scroll of enchant weapon {unknown}
 s - a scroll of teleportation {unknown}
Potions
 j - 2 potions of might {unknown}
 p - 2 potions of lignification {unknown}


   Skills:
 * Level 1.8 Fighting
 * Level 2.0 Throwing
 * Level 3.0 Dodging
 * Level 0.5 Stealth
 * Level 4.1 Unarmed Combat
 * Level 0.5 Spellcasting
 * Level 0.4 Evocations
 * Level 0.6 Shapeshifting


You had 4 spell levels left.
You didn't know any spells.
Your spell library was empty.

Dungeon Overview and Level Annotations

Branches:
Dungeon (3/15)

Altars:


Innate Abilities, Weirdness & Mutations

You are too large for most types of armour.
You have claws for hands.
Your natural rate of healing is unusually fast.
You are covered in fur. (AC +1)
You have tough skin. (AC +1)


Message History

You claw the gnoll!
You kill the gnoll!
The rat bites you but does no damage. The gnoll hits you with a +0 flail.
You closely miss the gnoll.
The gnoll bouda gazes fiercely through you!
You feel as though you will be weak longer.
The gnoll bouda closely misses you. The rat misses you.
The gnoll hits you with a +0 flail. The gnoll barely misses you.
You scratch the rat.
You kill the rat!
The gnoll bouda hits you with a +0 club!
The gnoll hits you but does no damage.
The gnoll hits you from afar with a +0 spear.
The gnoll misses you.
You scratch the gnoll.
The gnoll is heavily wounded.
The gnoll bouda barely misses you. The gnoll hits you with a +0 flail.
The gnoll throws a stone.
The stone hits you. The gnoll hits you but does no damage.
You scratch the gnoll.
The gnoll is severely wounded.
The gnoll bouda hits you with a +0 club.
The gnoll hits you with a +0 flail. The gnoll barely misses you.
You closely miss the gnoll.
The gnoll is severely wounded.
The gnoll hits you with a +0 flail.
The gnoll bouda hits you with a +0 club.
* * * LOW HITPOINT WARNING * * *
The gnoll hits you with a +0 flail.
* * * LOW HITPOINT WARNING * * *
The gnoll hits you but does no damage.
The gnoll bouda attacks as it pursues you!
The gnoll bouda hits you but does no damage.
The gnoll attacks as it pursues you!
The gnoll hits you from afar with a +0 spear.
* * * LOW HITPOINT WARNING * * *
The gnoll throws a stone.
The stone hits you.
* * * LOW HITPOINT WARNING * * *
The gnoll hits you with a +0 flail!
You die...

.......................
..<....................
#.........#............
##.....................
#.....<.>..#####...####
#..........# ##.#.##..
#..........# #..#.##.#
.###.........## ##........
.......gg@...# #.....#...
............## ##.......##
......†gg..#####..........
.........###..............
....>....# #...........†..
.........# #...........†..
.........# ###............
.....?..## #............
.......## #............


You could see a gnoll bouda and 3 gnolls.

Vanquished Creatures
  Crazy Yiuf (D:2)
  Ijyb (D:3)
  A gnoll (D:3)
  A worm (D:3)
  An endoplasm (D:3)
  5 giant cockroaches
  6 goblins
  3 hobgoblins
  10 jackals
  2 quokkas
  7 ball pythons
  5 bats
  2 frilled lizards
  5 kobolds
  5 rats
55 creatures vanquished.

Vanquished Creatures (others)
  A hobgoblin (D:3)
1 creature vanquished.

Grand Total: 56 creatures vanquished

Notes
Turn   | Place    | Note
-------+----------+-------------------------------------------
     0 | D:1      | gelatine the Troll Gladiator began the quest for the Orb.
     0 | D:1      | Reached XP level 1. HP: 19/19 MP: 0/0
   178 | D:1      | Reached XP level 2. HP: 28/28 MP: 1/1
   756 | D:2      | Reached XP level 3. HP: 35/35 MP: 2/2
  1366 | D:2      | Found a runed translucent door.
  1367 | D:2      | Noticed Crazy Yiuf
  1376 | D:2      | Killed Crazy Yiuf
  1377 | D:2      | Reached XP level 4. HP: 18/42 MP: 3/3
  1466 | D:3      | Noticed Ijyb
  1476 | D:3      | Killed Ijyb
  1502 | D:3      | Reached skill level 4 in Unarmed Combat
  1704 | D:3      | HP: 2/42 [gnoll/stone[a gnoll bouda] (5)]
  1704 | D:3      | Slain by a gnoll

Illustrated notes

Levels and vault maps discovered:
D:1:      saegor_arrival_fortress, layout_rooms, nrook_campfire,
          bh_walls_and_bars
D:2:      wad_pebble_path, layout_loops_ring, uniq_crazy_yiuf_cottage
D:3:      layout_rooms, grunt_dithmenos_smoke, st_stairs_6, kennysheep_doodads,
          uniq_ijyb, uniq_sigmund, uniq_grinder, uniq_pargi

Skill      XL: |  1  2  3  4 |
---------------+-------------+-----
Throwing       | 2 |  2.0
Unarmed Combat | 4 |  4.1
Dodging        | 3 |  3.0
Fighting       | |  1.8
Stealth        | |  0.5
Spellcasting   | |  0.5
Evocations     | |  0.4
Shapeshifting  | |  0.6

Action                     |  1- 3 |  4- 6 || total
---------------------------+-------+-------++-------
  Melee: Unarmed           |    92 |    45 ||   137
         Punch             |       |     2 ||     2
  Throw: Stone             |    20 |       ||    20
         Large rock        |       |     1 ||     1
   Stab: Sleeping          |     2 |       ||     2
 Armour: Robe              |    68 |    52 ||   120
  Dodge: Dodged            |    56 |    43 ||    99

Table legend: (Time is in decaauts)
 A = Elapsed time spent in this place.
 B = Non-inter-level travel time spent in this place.
 C = Inter-level travel time spent in this place.
 D = Time resting spent in this place.
 E = Time spent auto-exploring this place.
 F = Levels seen in this place.
 G = Mean time per level.
                   A        B        C        D        E       F      G
               +--------+--------+--------+--------+--------+-----+--------+
         Total |   1696 |   1589 |    107 |      0 |   1139 |   3 |  565.3 |
       Dungeon |   1696 |   1589 |    107 |      0 |   1139 |   3 |  565.3 |
               +--------+--------+--------+--------+--------+-----+--------+

Top non-repeatable levels by time:
     D:2: 790 daAuts
     D:1: 664 daAuts
     D:3: 242 daAuts
